 Dungeon Crawl Stone Soup version 0.20.1-1-g8b1a95d (webtiles) character file.

1957 Andry07 the Fighter (level 9, 0/59 HPs)
             Began as a Gargoyle Fighter on Oct 7, 2017.
             Was a Follower of Okawaru.
             Slain by a wyvern (3 damage)
             ... on level 6 of the Dungeon.
             The game lasted 00:10:31 (6197 turns).

Andry07 the Fighter (Gargoyle Fighter)              Turns: 6197, Time: 00:10:32

Health: 0/59       AC: 15    Str: 23    XL:     9   Next: 19%
Magic:  9/9        EV:  5    Int:  9    God:    Okawaru [*.....]
Gold:   431        SH: 18    Dex:  9    Spells: 8/8 levels left

rFire    . . .     SeeInvis .   a - +0 flail
rCold    . . .     Gourm    .   w - +0 large shield
rNeg     + . .     Faith    .   I - +0 scale mail
rPois    ∞         Spirit   .   (no helmet)
rElec    +         Reflect  +   (no cloak)
rCorr    +         Harm     .   (no gloves)
MR       .....                  c - +0 pair of boots
Stlth    ..........             b - +4 amulet of reflection
Regen    0.2/turn               (no ring)
MPRegen  0.2/turn               J - ring of resist corrosion

@: no status effects
A: negative energy resistance 1, electricity resistance, unbreathing,
petrification resistance, rot immunity, AC +5
a: Heroism, Renounce Religion


You were on level 6 of the Dungeon.
You worshipped Okawaru.
Okawaru was aware of your devotion.
You were not hungry.

You visited 2 branches of the dungeon, and saw 8 of its levels.

You collected 431 gold pieces.

Inventory:

Hand Weapons
 a - a +0 flail (weapon)
Armour
 c - a +0 pair of boots (worn)
 w - a +0 large shield (worn)
 I - a +0 scale mail (worn)
Jewellery
 b - a +4 amulet of reflection (around neck)
 J - a ring of resist corrosion (right hand)
Wands
 D - a wand of lightning (3/15)
 F - a wand of polymorph (9/24)
Scrolls
 h - a scroll of amnesia
 j - a scroll of recharging {unknown}
 o - a scroll of fear {unknown}
 p - 2 scrolls of magic mapping
 r - a scroll of enchant armour {unknown}
 y - 5 scrolls of teleportation
 z - a scroll of enchant weapon {unknown}
 C - a scroll of remove curse
 E - a scroll of blinking {unknown}
 G - a scroll of fog {unknown}
 K - a scroll of vulnerability {unknown}
Potions
 d - a potion of might
 e - a potion of cancellation {unknown}
 k - 3 potions of heal wounds {unknown}
 l - 4 potions of curing
 m - 3 potions of agility
 n - a potion of flight {unknown}
 q - a potion of haste {unknown}
 s - a potion of mutation {unknown}
 u - a potion of resistance {unknown}
 v - a potion of brilliance {unknown}
 x - 2 potions of lignification {unknown}
 A - 3 potions of berserk rage {unknown}
 H - 2 potions of degeneration {unknown}
Comestibles
 f - 7 bread rations
 g - 8 fruits
 i - 2 royal jellies
 t - 9 chunks of flesh
 B - 2 meat rations


   Skills:
 + Level 8.1 Fighting
 + Level 7.1 Maces & Flails
 + Level 8.0 Armour
 - Level 3.2 Shields


You had 8 spell levels left.
You didn't know any spells.

Dungeon Overview and Level Annotations

Branches:
Dungeon (7/15)             Temple (1/1) D:7

Altars:
Ashenzari
Cheibriados
Dithmenos
Gozag
Hepliaklqana
Kikubaaqudgha
Makhleb
Nemelex Xobeh
Okawaru
Qazlal
Sif Muna
Trog
Uskayaw
Vehumet
Xom
Yredelemnul
Zin
The Shining One

Annotations:
D:7 2 runed doors


Innate Abilities, Weirdness & Mutations

You are resistant to torment.
Your stone body is resilient. (AC +5)
You are immune to poison.
You resist negative energy. (rN+)
You are resistant to electric shocks. (rElec)
You can survive without breathing.
You are immune to petrification.
You are immune to rotting.


Message History

* * * LOW HITPOINT WARNING * * *
A mysterious force pulls you upwards. The hatch slams shut behind you.
You closely miss the wyvern. You block the wyvern's attack. x2
Your shield prevents you from hitting the wyvern.
The wyvern bites you but does no damage.
You closely miss the wyvern.
The wyvern bites you but does no damage.
You block the wyvern's attack.
You hit the wyvern.
The wyvern is moderately wounded.
The wyvern completely misses you. You block the wyvern's attack.
You hit the wyvern but do no damage.
The wyvern is moderately wounded.
The wyvern bites you!
* * * LOW HITPOINT WARNING * * *
You block the wyvern's attack.
You closely miss the wyvern.
The wyvern is moderately wounded.
The wyvern bites you.
You die...

># #.......##...#
.# #.......##...#
.###
#.......##...#
...#
#..<....###.##
##.# ####........#
#.# #.#####..#
#.#######.#####..#
#.#.......##.....#
#.#.#........##@##
#.#.#...#.#####l#
#......##.....[.#
###.#####.#######
#.#####.#
#.......#
#########


You could see a wyvern.

Vanquished Creatures
  A black bear (D:6)
  3 orc warriors
  An ice beast (D:7)
  A phantom (D:5)
  A centaur (D:6)
  2 bullfrogs
  2 scorpions
  5 wights (D:7)
  A crimson imp (D:6)
  3 hounds
  An orc priest (D:6)
  6 orc wizards
  A centaur skeleton (D:7)
  5 iguanas
  Terence (D:2)
  4 worker ants
  A hound skeleton (D:5)
  A worker ant zombie (D:6)
  A gnoll (D:1)
  14 adders
  An ooze (D:2)
  2 adder skeletons
  2 worms
  4 dart slugs
  3 leopard geckos
  18 orcs
  8 bats
  10 giant cockroaches
  10 goblins
  7 hobgoblins
  12 jackals
  2 quokkas
  A ball python (D:7)
  4 frilled lizards
  7 kobolds (D:2)
  11 rats
157 creatures vanquished.

Notes
Turn   | Place    | Note
-------+----------+-------------------------------------------
     0 | D:1      | Andry07 the Gargoyle Fighter began the quest for the Orb.
     0 | D:1      | Reached XP level 1. HP: 14/14 MP: 1/1
   181 | D:1      | Reached XP level 2. HP: 19/19 MP: 2/2
   653 | D:1      | Reached XP level 3. HP: 19/24 MP: 3/3
   895 | D:2      | Noticed Terence
   908 | D:2      | Killed Terence
   908 | D:2      | Reached XP level 4. HP: 19/29 MP: 4/4
  1229 | D:2      | Reached XP level 5. HP: 34/34 MP: 5/5
  2299 | D:3      | Reached XP level 6. HP: 40/40 MP: 6/6
  2333 | D:3      | Reached skill level 5 in Armour
  2869 | D:4      | Reached skill level 5 in Fighting
  3012 | D:4      | Found a stormy altar of Qazlal.
  3012 | D:4      | Noticed a phantom
  3499 | D:5      | Entered Level 5 of the Dungeon
  3598 | D:5      | Found a glowing golden altar of the Shining One.
  3688 | D:5      | Reached XP level 7. HP: 39/44 MP: 7/7
  4499 | D:6      | Reached skill level 5 in Maces & Flails
  4866 | D:6      | Reached XP level 8. HP: 47/52 MP: 8/8
  5119 | D:6      | Found a glowing golden altar of the Shining One.
  5688 | D:7      | Found a staircase to the Ecumenical Temple.
  5697 | Temple   | Entered the Ecumenical Temple
  5702 | Temple   | Became a worshipper of Warmaster Okawaru
  5810 | D:7      | Found a bloodstained altar of Trog.
  5912 | D:7      | Reached XP level 9. HP: 39/58 MP: 9/9
  6002 | D:7      | Reached * piety under Okawaru
  6141 | D:7      | Found a runed door.
  6141 | D:7      | Found a runed door.
  6163 | D:7      | Noticed a troll
  6197 | D:6      | Slain by a wyvern

Skill      XL: |  1  2  3  4  5  6  7  8  9 |
---------------+----------------------------+-----
Armour         | 4 5 6 7 8 |  8.0
Maces & Flails | 3 4 5 6 7 |  7.1
Fighting       | 4 5 6 7 8 |  8.1
Shields        | |  3.2

Action                   |  1- 3 |  4- 6 |  7- 9 || total
-------------------------+-------+-------+-------++-------
Melee: Flail             |   111 |   299 |   414 ||   824
  Use: Scroll            |       |       |     6 ||     6
  Eat: Chunk             |       |    10 |     9 ||    19
Armor: Scale mail        |    86 |   169 |   204 ||   459
Dodge: Dodged            |    46 |    94 |    65 ||   205
Block: Shield            |    69 |   130 |       ||   199
       Large shield      |       |   107 |   326 ||   433
